[Event "Khanty-Mansiysk FIDE GP"]
[Site "Khanty-Mansiysk"]
[Date "2015.05.20"]
[Round "6"]
[White "Tomashevsky, Evgeny"]
[Black "Nakamura, Hikaru"]
[Result "1/2-1/2"]
[ECO "E05"]
[WhiteElo "2749"]
[BlackElo "2799"]
[PlyCount "60"]
[EventDate "2015.05.14"]
[EventType "tourn"]
[EventRounds "11"]
[EventCountry "RUS"]
[EventCategory "21"]
[SourceTitle "CBM 167"]
[Source "ChessBase"]
[SourceDate "2015.07.13"]
[SourceVersion "1"]
[SourceVersionDate "2015.07.13"]
[SourceQuality "1"]
[TimeControl "40/7200:20/3600:900+30"]

1. d4 Nf6 2. c4 e6 3. Nf3 d5 4. g3 Be7 5. Bg2 O-O 6. O-O dxc4 7. Ne5 Nc6 8.
Bxc6 bxc6 9. Nxc6 Qe8 10. Nxe7+ Qxe7 11. Qc2 (11. Na3 c5 12. dxc5 Qxc5 13. Be3 Qc6 14. Rc1 Bb7 15. f3 Ba6
16. Nxc4 Bxc4 17. Qd4 Rfc8 18. b3 Qa6 19. bxc4 Qxa2 20. Kf2 a5 21. Bg5 e5 22.
Qd6 Rd8 23. Qb6 Rab8 24. Rfd1 Re8 25. Qe3 a4 26. Bxf6 gxf6 27. Qe4 a3 28. Rd7
Rbd8 29. Ra7 Qb2 30. Rb1 f5 31. Rxb2 fxe4 32. Rxa3 Rd4 33. Rc2 Rc8 34. c5 exf3
35. Rxf3 Rc6 36. Rd3 Rxd3 37. exd3 f5 38. d4 exd4 39. Ke2 {1-0 (39) Kramnik,V 
(2783)-Adams,M (2745) Shamkir 2015}) 11... e5 12. dxe5 Qxe5 13. Bf4 Qh5 $146 (13... Qe6 14. Nc3 Bb7 15. Rfd1 h6 16. f3 g5 17. Bxc7 Rac8 18.
Ba5 Rfe8 19. Qd2 Rc5 20. Bd8 Nd5 21. Ne4 Rc8 22. Ba5 f5 23. Nxg5 hxg5 24. Qxg5+
Kf7 25. e4 Nf6 26. Bc3 Rg8 27. Qxf6+ Qxf6 28. Bxf6 Kxf6 29. Rd7 Rg7 30. Rad1
Rxd7 31. Rxd7 Bc6 32. Rxa7 fxe4 33. fxe4 Ke5 34. Re7+ Kd4 35. e5 Rb8 36. Rc7
Bd5 37. b3 c3 38. g4 Ra8 39. Kf2 Rxa2+ 40. Kg3 c2 {0-1 (40) Schmuecker,M (2213)
-Hausrath,D (2488) Oberhausen 2013}) 14. Nc3 Nd5 15. Nxd5 Qxd5 16. Rfd1 Qc6 {[%emt 0:02:36] A Catalan that promises White a tiny advantage in an
opposite colored bishop endgame with heavy pieces. Nakamura was able to defend
his position easily and was never in any real danger.} 17. Rd4 Bh3 18. f3 Be6 19. Rad1 Qb6 20. Qc3 f6 21. Kg2 Rae8 22. R1d2 a5 23. g4 a4 24. Bg3 Qc5 25. Re4 Rf7 26. Qe3 Qxe3 27. Rxe3 Rfe7 28. Bf2 Kf7 29. Rc3 Rb8 30. Rcc2 Rb5 1/2-1/2

[Event "Khanty-Mansiysk FIDE GP"]
[Site "Khanty-Mansiysk"]
[Date "2015.05.26"]
[Round "11"]
[White "Nakamura, Hikaru"]
[Black "Jakovenko, Dmitrij"]
[Result "1/2-1/2"]
[ECO "E32"]
[WhiteElo "2799"]
[BlackElo "2738"]
[PlyCount "75"]
[EventDate "2015.05.14"]
[EventType "tourn"]
[EventRounds "11"]
[EventCountry "RUS"]
[EventCategory "21"]
[SourceTitle "CBM 167"]
[Source "ChessBase"]
[SourceDate "2015.07.13"]
[SourceVersion "1"]
[SourceVersionDate "2015.07.13"]
[SourceQuality "1"]
[TimeControl "40/7200:20/3600:900+30"]

1. d4 {[%emt 0:00:03] Everyone's focus was clearly on this game. Jakovenko
needed to win to guarantee his spot on the Candidates, while a draw required a
series of highly unlikely and borderline miraculous results for him to qualify.
Nakamura came into the game with a very sound and clear strategy: play solid,
trade everything, draw. This is basically what happened in the game as
Jakovenko simply could not create enough complications.} Nf6 2. c4 e6 3. Nc3 Bb4 4. Qc2 d6 5. a3 Bxc3+ 6. Qxc3 O-O 7.
Bg5 Nbd7 8. e3 b6 9. Ne2 Ba6 10. Rd1 h6 $146 (10... Rc8 11. Qc2 c5 12. Qa4 Bb7 13. Nc3 a6 14. Be2
Bxg2 15. Rg1 Bc6 16. Qc2 Kh8 17. d5 exd5 18. cxd5 Bb7 19. Bg4 Rc7 20. Bxd7 Qxd7
21. Bxf6 gxf6 22. Ne4 Qf5 23. Qc3 Rg8 24. Rxg8+ Kxg8 25. Nxf6+ Kf8 26. e4 Qf4
27. Rd3 Ke7 28. Rf3 Qxh2 29. Ke2 Qh4 30. e5 Rc8 31. Rf5 Re8 32. exd6+ Kd8+ 33.
Nxe8 Qe4+ 34. Qe3 Qc2+ 35. Kf1 Qd1+ 36. Qe1 Qxe1+ 37. Kxe1 Kxe8 38. d7+ Kd8 39.
Rxf7 Bxd5 40. Rf6 {Jojua,D (2579)-Sanal,V (2460) Jerusalem 2015 1-0}) 11. Bxf6 Nxf6 12. Ng3 c5 13. Be2 Qc7 14. O-O Rac8 15. Rc1 cxd4 16. Qxd4 Rfd8 17. Qd2 Qb8 18. Rfd1 d5 19. cxd5 Rxd5 20. Qe1 Rxc1 21. Rxc1 Bxe2 22. Qxe2 Qd8 23. h3 Rd3 24. Nh5 Nxh5 25. Qxh5 Rd2 26. Qe5 Rxf2 27. Kxf2 Qd2+ 28. Kf3 Qxc1 29. Qb8+ Kh7 30. Qxa7 Qf1+ 31. Kg3 Qe1+ 32. Kh2 Qxe3 33. Qxf7 b5 34. Qd7 Qf4+ 35. Kg1 Qc1+ 36. Kh2 Qf4+ 37. Kg1 Qc4 38. Qd1 1/2-1/2